 Dungeon Crawl Stone Soup version 0.28-a0-1624-g820543e53a (webtiles) character file.

Game seed: 17435835296089762271

14648 HallandMoats the Timeless (level 12, 0/101 HPs)
             Began as a Ghoul Fighter on Jan 24, 2022.
             Was a High Priest of Cheibriados.
             Slain by a death knight (10 damage)
             ... on level 11 of the Dungeon.
             The game lasted 00:15:21 (13730 turns).

HallandMoats the Timeless (Ghoul Fighter)          Turns: 13730, Time: 00:15:23

Health: 0/101      AC: 23    Str: 34    XL:     12   Next: 18%
Magic:  2/18       EV: 11    Int: 16    God:    Cheibriados [*****.]
Gold:   640        SH: 11    Dex: 19    Spells: 11/11 levels left

rFire   . . .      SeeInvis +   a - +2 trident (protect)
rCold   + + .      Faith    .   q - +0 buckler
rNeg    + + +      Spirit   .   H - +0 plate armour
rPois   ∞          Reflect  +   S - +1 helmet
rElec   .          Harm     .   m - +0 cloak
rCorr   .          Rampage  .   (no gloves)
Will    .....                   (no boots)
Stlth   ..........              s - amulet of reflection
HPRegen 0.00/turn               g - ring of see invisible
MPRegen 0.16/turn               l - ring of protection from cold

@: under a protective aura, inhibited regen, very slow
A: claws 1, cold resistance 1, negative energy resistance 3, inhibited
regeneration, torment resistance 2
a: Renounce Religion, Bend Time, Temporal Distortion, Slouch, Step From Time


You were on level 11 of the Dungeon.
You worshipped Cheibriados.
Cheibriados was extremely pleased with you.
You visited 1 branch of the dungeon, and saw 11 of its levels.

You collected 640 gold pieces.

Inventory:

Hand Weapons
 a - a +2 trident of protection (weapon)
 b - a +0 hunting sling
 D - a +0 trident of freezing
 M - a +3 falchion of flaming
Missiles
 p - 124 sling bullets
 G - 3 throwing nets (quivered)
Armour
 m - a +0 cloak (worn)
 q - a +0 buckler (worn)
 H - a +0 plate armour (worn)
 S - a +1 helmet (worn)
Jewellery
 d - an amulet of guardian spirit
 g - a ring of see invisible (left claw)
 l - a ring of protection from cold (right claw)
 o - a +6 ring of intelligence
 s - an amulet of reflection (around neck)
 C - a ring of fire
 P - a +4 ring of evasion
Wands
 e - a wand of charming (3)
 y - a wand of flame (32)
 B - a wand of paralysis (12)
 N - a wand of acid (4)
 Q - a wand of polymorph (5)
Scrolls
 h - 5 scrolls of teleportation
 t - 2 scrolls of enchant weapon {unknown}
 u - a scroll of fog {unknown}
 v - a scroll of silence {unknown}
 w - 4 scrolls of noise {unknown}
 z - 2 scrolls of enchant armour {unknown}
 A - 3 scrolls of summoning
 E - a scroll of fear {unknown}
 I - 3 scrolls of blinking {unknown}
 J - a scroll of amnesia {unknown}
 O - 4 scrolls of identify {unknown}
 R - a scroll of torment {unknown}
Potions
 c - 2 potions of might
 f - 2 potions of heal wounds {unknown}
 i - 5 potions of berserk rage
 j - a potion of brilliance {unknown}
 k - 4 potions of attraction {unknown}
 n - 4 potions of curing
 r - a potion of lignification {unknown}
 x - a potion of degeneration {unknown}
 F - 2 potions of mutation {unknown}
 K - 2 potions of flight {unknown}


   Skills:
 + Level 8.1 Fighting
 * Level 7.9 Polearms
 * Level 7.5 Slings
 + Level 6.5 Armour
 + Level 5.7 Dodging
 - Level 5.2 Shields
 - Level 3.1 Unarmed Combat
 * Level 9.8 Invocations


You had 11 spell levels left.
You didn't know any spells.
Your spell library contained the following spells:

 Spells                   Type           Power      Damage    Failure   Level
 Blink                    Tloc           0%         N/A       98%         2
 Ensorcelled Hibernation  Hex/Ice        0%         N/A       98%         2
 Passwall                 Tmut/Erth      0%         N/A       98%         2
 Swiftness                Air            0%         N/A       100%        3
 Passage of Golubria      Tloc           0%         N/A       100%        4
 Manifold Assault         Tloc           0%         N/A       100%        5
 Silence                  Hex/Air        0%         N/A       100%        5
 Lehudib's Crystal Spear  Conj/Erth      0%         10d2      100%        8
 Storm Form               Tmut/Air       Unusable   N/A       N/A         7

Dungeon Overview and Level Annotations

Branches:
Dungeon (11/15)            Temple (0/1) D:4             Orc (0/2) D:10
   Lair: D:8-11

Altars:
Cheibriados
Dithmenos
Gozag
Hepliaklqana
Kikubaaqudgha
Makhleb
Qazlal
Ru
Uskayaw
Wu Jian
Xom
Yredelemnul
Zin
The Shining One

Shops:
D:1 ?   D:10 *


Innate Abilities, Weirdness & Mutations

You thrive by killing the living.
You are immune to poison.
You have sharp fingernails.
Your flesh is cold resistant. (rC+)
You are immune to negative energy. (rN+++)
You do not regenerate when monsters are visible.
You are immune to unholy pain and torment.


Message History

Cheibriados thoroughly appreciates the change of pace.
No target in view!
No target in view!
No target in view!
No target in view!
No target in view!
No target in view!
No target in view!
No target in view!
No target in view!
No target in view!
A death knight is nearby!
A death knight is nearby!
A death knight is nearby!
A death knight is nearby!
The flow of time bends around you.
Unknown command.
Activating: Slouch (1% risk of failure)
Press: ? - help, Dir - look around, f - activate You can feel time thicken for a moment.
Cheibriados lowers the support of your attributes as your movement quickens.
Unknown command.
Activating: Slouch (1% risk of failure)
Press: ? - help, Dir - look around, f - activate You can feel time thicken for a moment.
Cheibriados lowers the support of your attributes as your movement quickens.
Unknown command.
The flow of time bends around you.
Unknown command.
You barely miss the death knight.
The death knight is heavily wounded.
The death knight hits you with a +2 battleaxe of flaming!!
The death knight burns you!
You puncture the death knight!
Your weapon exudes an aura of protection.
The death knight is severely wounded.
The death knight hits you with a +2 battleaxe of flaming!!
* * * LOW HITPOINT WARNING * * *
The death knight burns you!
You die...

.................................
##.....###.........###...........
##...........#.....# #...........
##...........#.....# #...........
##...........#.....# #...........
##.................# #...........
##.................# #...........
##..........[).....###...........
##..............@p...............
.................................
####################(.##'#..)...#
#...#####)...# .... ##.## #.)..#
.... #.$≈≈#.#≈≈$.#..#.# .?..
.≈..≈.≈..≈.#.<#.' ....
≈.......≈##....# ....
#≈.≈≈≈.≈##..####


You could see a death knight.

Vanquished Creatures
  Harold (D:8)
  A hydra (D:9)
  Pikel (D:5)
  An ugly thing (D:11)
  Maurice (D:8)
  2 trolls
  2 hornets (D:10)
  2 dream sheep (D:9)
  9 yaks
  A vampire (D:10)
  2 wyverns
  A wraith (D:9)
  Eustachio (D:5)
  3 steam dragons
  A basilisk (D:11)
  6 water moccasins
  Duvessa (D:6)
  5 orc warriors
  A wolf (D:11)
  10 centaurs
  4 ogres
  6 kobold brigands
  3 bullfrogs
  A gnoll sergeant (D:10)
  A scorpion (D:5)
  Dowan (D:6)
  3 killer bees (D:9)
  A howler monkey (D:6)
  A crimson imp (D:7)
  2 bullfrog zombies (D:5)
  14 centaur zombies
  6 hounds
  A gnoll shaman (D:7)
  A jelly (D:6)
  A bullfrog skeleton (D:5)
  2 orc priests
  2 iguanas
  Jessica (D:2)
  A centaur skeleton (D:6)
  Ijyb (D:5)
  6 orc wizards
  Natasha (thrice) (D:2)
  A killer bee zombie (D:7)
  The ghost of psuckher the Sneak, a weakling BaDe (D:4)
  2 hound skeletons (D:5)
  A howler monkey zombie (D:9)
  2 howler monkey skeletons (D:5)
  14 gnolls
  13 adders
  A white imp (D:6)
  2 ufetubi
  An adder zombie (D:5)
  2 worms
  2 dart slugs
  8 orcs
  4 endoplasms
  A giant cockroach (D:4)
  4 hobgoblins
  23 kobolds
  2 quokkas
  8 ball pythons
  2 bats
  2 frilled lizards
  3 goblins
  5 rats
218 creatures vanquished.

Vanquished Creatures (others)
  4 fungi (D:11)
  17 plants (D:11)
21 creatures vanquished.

Grand Total: 239 creatures vanquished

Notes
Turn   | Place    | Note
-------+----------+-------------------------------------------
     0 | D:1      | HallandMoats the Ghoul Fighter began the quest for the Orb.
     0 | D:1      | Reached XP level 1. HP: 19/19 MP: 0/0
    18 | D:1      | Found Miokluel's Magic Scroll Emporium.
   230 | D:1      | Reached XP level 2. HP: 9/26 MP: 1/1
   974 | D:2      | Noticed Natasha
   979 | D:2      | Killed Natasha
   980 | D:2      | Reached XP level 3. HP: 24/33 MP: 0/2
  1019 | D:2      | Noticed Natasha
  1027 | D:2      | Killed Natasha
  1028 | D:2      | Reached skill level 1 in Invocations
  1028 | D:2      | Reached XP level 4. HP: 26/40 MP: 1/4
  1157 | D:2      | Noticed Jessica
  1168 | D:2      | Killed Jessica
  1169 | D:2      | Reached skill level 1 in Dodging
  1218 | D:2      | Found a faded altar of an unknown god.
  1219 | D:2      | Noticed a great orb of eyes
  1224 | D:2      | Noticed a golden eye
  1224 | D:2      | Noticed a golden eye
  1224 | D:2      | Noticed a golden eye
  1229 | D:2      | Prayed at the altar of an unknown god.
  1229 | D:2      | Became a worshipper of Cheibriados the Contemplative
  1229 | D:2      | Reached * piety under Cheibriados
  1307 | D:2      | Reached XP level 5. HP: 34/46 MP: 3/5
  1315 | D:2      | Reached skill level 2 in Invocations
  1693 | D:2      | Noticed Natasha
  1706 | D:2      | Killed Natasha
  2842 | D:3      | Reached ** piety under Cheibriados
  3042 | D:3      | Reached XP level 6. HP: 53/53 MP: 6/6
  3181 | D:4      | Reached skill level 3 in Invocations
  3351 | D:4      | Reached skill level 1 in Polearms
  3465 | D:4      | Found a sacrificial altar of Ru.
  3886 | D:4      | Found a runed translucent gate.
  3886 | D:4      | Found a runed translucent gate.
  3886 | D:4      | Found a runed translucent gate.
  3887 | D:4      | Noticed psuckher's ghost (weakling BaDe)
  3943 | D:4      | Reached XP level 7. HP: 59/60 MP: 6/8
  3967 | D:4      | Found a staircase to the Ecumenical Temple.
  4339 | D:4      | Reached skill level 5 in Fighting
  4480 | D:4      | Killed psuckher's ghost
  4741 | D:5      | Entered Level 5 of the Dungeon
  4803 | D:5      | Found a snail-covered altar of Cheibriados.
  4837 | D:5      | Found a stormy altar of Qazlal.
  4882 | D:5      | Noticed Ijyb
  4931 | D:5      | Killed Ijyb
  5109 | D:5      | Noticed Pikel
  5120 | D:5      | Reached skill level 1 in Slings
  5120 | D:5      | Reached skill level 4 in Invocations
  5134 | D:5      | Killed Pikel
  5135 | D:5      | Reached XP level 8. HP: 29/69 MP: 5/10
  5424 | D:5      | Reached *** piety under Cheibriados
  5433 | D:5      | Reached skill level 5 in Invocations
  5755 | D:5      | Reached XP level 9. HP: 66/75 MP: 10/12
  5807 | D:5      | Noticed Eustachio
  5827 | D:5      | Killed Eustachio
  6674 | D:6      | Reached **** piety under Cheibriados
  6955 | D:6      | Noticed Dowan
  6956 | D:6      | Noticed Duvessa
  6970 | D:6      | Killed Duvessa
  6971 | D:6      | Reached skill level 6 in Invocations
  6981 | D:6      | Killed Dowan
  8008 | D:7      | Found an opulent altar of Gozag.
  8092 | D:7      | Found a shimmering altar of Xom.
  8092 | D:7      | Found a burning altar of Makhleb.
  8143 | D:8      | Noticed Harold
  8155 | D:8      | Killed Harold
  8156 | D:8      | Reached skill level 5 in Polearms
  8156 | D:8      | Reached XP level 10. HP: 63/84 MP: 8/14
  8487 | D:8      | Reached skill level 5 in Armour
  8599 | D:8      | Found a hazy altar of Hepliaklqana.
  8646 | D:8      | Reached skill level 7 in Invocations
  8652 | D:8      | Reached skill level 5 in Shields
  8897 | D:8      | Noticed Maurice
  8928 | D:8      | Killed Maurice
  9274 | D:8      | Found an ancient bone altar of Kikubaaqudgha.
  9422 | D:8      | Reached skill level 5 in Slings
  9449 | D:8      | Reached ***** piety under Cheibriados
 10210 | D:9      | Found an ornate altar of the Wu Jian Council.
 10420 | D:9      | Noticed a three-headed hydra
 10432 | D:9      | Killed a three-headed hydra
 10433 | D:9      | Reached skill level 8 in Invocations
 10433 | D:9      | Reached XP level 11. HP: 71/92 MP: 10/16
 10961 | D:9      | Found a hide-covered altar of Uskayaw.
 11130 | D:10     | Entered Level 10 of the Dungeon
 11130 | D:10     | Found a staircase to the Orcish Mines.
 11434 | D:10     | Reached skill level 5 in Dodging
 11954 | D:10     | Found Haffy's Serpentskin Sales.
 12164 | D:10     | Found a shadowy altar of Dithmenos.
 12358 | D:11     | Noticed a cyan ugly thing
 12377 | D:11     | Killed a cyan ugly thing
 12682 | D:11     | Reached skill level 9 in Invocations
 13029 | D:11     | Found a basalt altar of Yredelemnul.
 13138 | D:11     | Reached XP level 12. HP: 70/101 MP: 18/18
 13356 | D:11     | Noticed a catoblepas
 13387 | D:11     | HP: 5/101 [catoblepas (13)]
 13388 | D:11     | HP: 2/101 [water moccasin (3)]
 13390 | D:11     | Noticed a death knight
 13730 | D:11     | Slain by a death knight

Illustrated notes

Levels and vault maps discovered:
D:1:      kennysheep_arrival_forest, layout_basic, serial_shops, shop
D:2:      layout_basic, hellmonk_ecumenical_altar_watching_god, uniq_natasha,
          uniq_jessica
D:3:      layout_basic
D:4:      layout_gridville, nicolae_ru_great_annihilating_truth,
          minmay_temple_entry_fiery, gammafunk_ghost_nasty_kobolds
D:5:      minmay_opposing_rooms, layout_loops_ring, lemuel_crystal_altar,
          kennysheep_mini_moat, minmay_quadrilaterals, uniq_eustachio,
          uniq_pikel, uniq_ijyb
D:6:      layout_basic, uniq_duvessa
D:7:      layout_loops_ring, grunt_temple_overflow_champion_of_chaos,
          pdpol_temple_overflow_zin_treasury_gozag_greed
D:8:      layout_gridville, mainiacjoe_overflow_boulevard,
          worldfamousw_hep_ancestral_shrine, uniq_maurice, uniq_harold
D:9:      layout_loops_cross, nzn_wu_jian_contemplation, minitemple,
          hangedman_ranch
D:10:     nicolae_cairo_tiling_very_big, layout_basic,
          nicolae_dithmenos_shadow_blocks, guppyfry_shop_venom
D:11:     nzn_motion_control, layout_stronghold, minmay_lair_entry_grove,
          gammafunk_ghost_berserking_beasts, nicolae_yredelemnul_corpse_copse

Skill      XL: |  1  2  3  4  5  6  7  8  9 10 11 |
---------------+----------------------------------+-----
Fighting       | 4 5 6 7 8 |  8.1
Invocations    | 1 2 3 4 5 6 8 9 |  9.8
Armour         | 3 4 5 6 |  6.5
Dodging        | 1 2 3 4 5 |  5.7
Shields        | 3 4 5 |  5.2
Unarmed Combat | 3 |  3.1
Polearms       | 1 3 5 6 7 |  7.9
Slings         | 2 3 4 5 7 |  7.5

Action                   |  1- 3 |  4- 6 |  7- 9 | 10-12 || total
-------------------------+-------+-------+-------+-------++-------
Melee: Unarmed           |    54 |    97 |       |       ||   151
       Trident           |       |    72 |   324 |   612 ||  1008
 Fire: Hunting sling     |       |       |    40 |    18 ||    58
Invok: Bend Time         |       |       |       |     2 ||     2
       Slouch            |       |       |       |     2 ||     2
       Step From Time    |       |       |       |     1 ||     1
       Temporal Distorti |       |       |       |     1 ||     1
Evoke: Wand              |       |       |       |     1 ||     1
  Use: Potion            |       |     1 |     2 |     3 ||     6
       Scroll            |       |       |     2 |     1 ||     3
 Stab: Invisible         |       |     1 |       |       ||     1
       Paralysed         |       |     1 |       |       ||     1
Armor: Scale mail        |    16 |    63 |   104 |       ||   183
       Chain mail        |       |       |    49 |       ||    49
       Plate armour      |       |       |     4 |   519 ||   523
Dodge: Dodged            |    20 |    70 |   201 |   344 ||   635
Block: Buckler           |     4 |    39 |    75 |   307 ||   425
       Reflection        |       |       |       |     3 ||     3

Table legend: (Time is in decaauts)
 A = Elapsed time spent in this place.
 B = Non-inter-level travel time spent in this place.
 C = Inter-level travel time spent in this place.
 D = Time resting spent in this place.
 E = Time spent auto-exploring this place.
 F = Levels seen in this place.
 G = Mean time per level.
                   A        B        C        D        E       F      G
               +--------+--------+--------+--------+--------+-----+--------+
         Total |  18464 |  17557 |    907 |    594 |  14283 |  11 | 1678.5 |
       Dungeon |  18464 |  17557 |    907 |    594 |  14283 |  11 | 1678.5 |
               +--------+--------+--------+--------+--------+-----+--------+

Top non-repeatable levels by time:
     D:8: 2432 daAuts
     D:5: 2241 daAuts
     D:2: 1963 daAuts
     D:9: 1884 daAuts
     D:4: 1800 daAuts
    D:10: 1686 daAuts
    D:11: 1685 daAuts
     D:6: 1503 daAuts
     D:7: 1139 daAuts
     D:3: 1138 daAuts
     D:1: 989 daAuts
